 Dungeon Crawl Stone Soup version 0.21-a0-417-g0adc95b (webtiles) character file.

39 Koleisus the Skirmisher (level 3, 0/26 HPs)
             Began as a Halfling Abyssal Knight on Nov 3, 2017.
             Was a Follower of Lugonu.
             Succumbed to an adder's poison
             ... on level 2 of the Dungeon.
             The game lasted 00:05:18 (1076 turns).

Koleisus the Skirmisher (Halfling Abyssal Knight)   Turns: 1076, Time: 00:05:19

Health: 0/26       AC:  3    Str: 13    XL:     3   Next: 70%
Magic:  4/4        EV: 14    Int: 10    God:    Lugonu [*.....]
Gold:   78         SH:  0    Dex: 14    Spells: 2/2 levels left

rFire    + . .     SeeInvis .   a - +1 short sword
rCold    . . .     Gourm    .   (shield restricted)
rNeg     . . .     Faith    .   b - +0 leather armour
rPois    .         Spirit   .   (no helmet)
rElec    .         Reflect  .   (no cloak)
rCorr    .         Harm     .   (no gloves)
MR       .....                  (no boots)
Stlth    +.........             (no amulet)
HPRegen  0.08/turn              j - ring of protection from fire
MPRegen  0.09/turn              (no ring)

@: lethally poisoned (0 -> -10)
A: mutation resistance 1
a: Depart the Abyss, Renounce Religion


You were on level 2 of the Dungeon.
You worshipped Lugonu.
Lugonu was aware of your devotion.
You were not hungry.

You visited 1 branch of the dungeon, and saw 3 of its levels.
You visited the Abyss 1 time.

You collected 78 gold pieces.

Inventory:

Hand Weapons
 a - a +1 short sword (weapon)
Armour
 b - a +0 leather armour (worn)
Jewellery
 j - a ring of protection from fire (left hand)
Scrolls
 d - a scroll of enchant weapon {unknown}
 e - a scroll of remove curse {unknown}
 k - a scroll of fog {unknown}
Potions
 f - a potion of cancellation
 g - a potion of lignification {unknown}
 h - a potion of berserk rage {unknown}
 i - a potion of curing
 n - a potion of brilliance {unknown}
 o - a potion of might {unknown}
 p - a potion of degeneration {unknown}
Comestibles
 c - 2 bread rations
 l - a royal jelly
 m - 7 chunks of flesh
 q - 2 meat rations


   Skills:
 + Level 3.3 Fighting
 + Level 2.8 Short Blades
 + Level 2.7 Armour
 + Level 1.3 Dodging
 + Level 2.3 Invocations


You had 2 spell levels left.
You didn't know any spells.

Dungeon Overview and Level Annotations

Branches:
Dungeon (3/15)

Altars:


Innate Abilities, Weirdness & Mutations

You are small and have problems with some larger weapons.
You are somewhat resistant to further mutation.


Message History

The adder is heavily wounded.
* * * LOW HITPOINT WARNING * * *
You feel sick. The adder bites you.
* * * LOW HITPOINT WARNING * * *
You hit the adder.
The adder is almost dead.
The adder completely misses you.
You closely miss the adder.
The adder is almost dead.
The adder bites you.
* * * LOW HITPOINT WARNING * * *
You are more poisoned.
The adder poisons you!
You hit the adder but do no damage.
The adder is almost dead.
* * * LOW HITPOINT WARNING * * *
You feel sick. The adder bites you but does no damage.
You closely miss the adder.
The adder is almost dead.
You die...

≈≈≈...≈≈≈..##
≈≈≈≈≈≈≈≈≈...# .
≈≈≈≈≈≈≈≈≈.≈.# #.≈
≈≈≈≈≈≈≈≈≈...## ..
.≈..≈≈.≈≈....# #.#
....≈..≈≈...## ..#
#########Ss## ### ####
#S## .# ...# #@# .#
#..###.#
.###########..#..#
................##
.############....##
..................#
..####........##).#
....# ........##..## #
.##.#####.###.###..#.#


You could see 2 adders and a giant cockroach.

Vanquished Creatures
  An ooze (D:2)
  A dart slug (D:1)
  A leopard gecko (D:2)
  3 bats (D:2)
  A giant cockroach (D:1)
  8 goblins
  7 kobolds
  A quokka (D:2)
  4 frilled lizards
  4 rats
31 creatures vanquished.

Notes
Turn   | Place    | Note
-------+----------+-------------------------------------------
     0 | Abyss:1  | Koleisus the Halfling Abyssal Knight began the quest for the Orb.
     0 | Abyss:1  | Reached XP level 1. HP: 15/15 MP: 2/2
     1 | D:1      | Escaped the Abyss
    73 | D:1      | Reached * piety under Lugonu
   142 | D:1      | Reached XP level 2. HP: 17/20 MP: 3/3
   237 | D:1      | Reached skill level 3 in Fighting
   894 | D:2      | Reached XP level 3. HP: 26/26 MP: 4/4
  1042 | D:2      | Found a faded altar of an unknown god.
  1075 | D:2      | HP: 1/26 [poisoned by an adder]
  1076 | D:2      | Succumbed to an adder's poison

Vault maps used:
D:1:      mushboom_english_gardens
D:2:      chequers_temple_overflow_minitemple, chequers_ecumenical_altar_island
D:3:      chequers_temple_overflow_statue_of_worship, marbit_many_paths,
          lightli_temple_of_fire, kennysheep_generic_room_13, uniq_sigmund,
          uniq_robin, uniq_jessica, uniq_crazy_yiuf_cottage

Skill      XL: |  1  2 |
---------------+-------+-----
Fighting       | 3 |  3.3
Short Blades   | |  2.8
Armour         | |  2.7
Dodging        | |  1.3
Invocations    | |  2.3

Action                   || total
-------------------------++-------
Melee: Short sword       ||   111
Invok: Depart the Abyss  ||     1
  Use: Potion            ||     2
  Eat: Chunk             ||     1
Armor: Leather armour    ||    25
Dodge: Dodged            ||    68

Table legend:
 A = Spawn XP
 B = Non-spawn XP
 C = Spawn XP percentage of total XP
 D = Spawn monster count
 E = Non-spawn monster count
 F = Spawn count percentage of total count
 G = Total turns spent on level
                    A         B        C        D         E        F      G
               +---------+---------+-------+---------+---------+-------+---------
         Total |       0 |      57 |   0.0 |       0 |      31 |   0.0 |  1076
               +---------+---------+-------+---------+---------+-------+---------
           D:1 |       0 |      27 |   0.0 |       0 |      16 |   0.0 |   840
           D:2 |       0 |      30 |   0.0 |       0 |      15 |   0.0 |   233
               +---------+---------+-------+---------+---------+-------+---------
